 Dungeon Crawl Stone Soup version 0.24-a0-420-g24607be9ce (webtiles) character file.

Game seed: 2975579351720988858

13450 ohad the Basher (level 11, -2/101 HPs)
             Began as a Minotaur Berserker on June 11, 2019.
             Was a High Priest of Trog.
             Slain by Sonja
             ... wielding a +2 dagger of distortion
              (4 damage)
             ... on level 11 of the Dungeon.
             The game lasted 00:30:53 (10568 turns).

ohad the Basher (Minotaur Berserker)               Turns: 10568, Time: 00:30:53

Health: -2/101     AC: 20    Str: 21    XL:     11   Next: 75%
Magic:  10/10      EV:  8    Int:  4    God:    Trog [*****.]
Gold:   295        SH:  7    Dex: 13    Spells: 10/10 levels left

rFire    . . .     SeeInvis .   y - +2 mace (freeze)
rCold    . . .     Gourm    +   R - +0 shield of the Mind {rN++ Str-3} (curse)
rNeg     + + .     Faith    .   h - +1 plate armour
rPois    .         Spirit   .   (helmet restricted)
rElec    .         Reflect  .   W - +0 cloak (curse)
rCorr    .         Harm     .   M - +0 pair of gloves (curse)
MR       ++...                  E - +0 pair of boots
Stlth    ..........             n - amulet of the gourmand
HPRegen  1.26/turn              k - +2 ring of strength
MPRegen  0.12/turn              (no ring)

@: lethally poisoned (-2 -> -3), berserk cooldown, regenerating, slowed, very
slow
A: retaliatory headbutt, horns 2
a: Berserk, Trog's Hand, Brothers in Arms, Renounce Religion


You were on level 11 of the Dungeon.
You worshipped Trog.
Trog was extremely pleased with you.
You were very full.

You visited 1 branch of the dungeon, and saw 11 of its levels.
You also visited: Sewer.

You collected 551 gold pieces.
You spent 256 gold pieces at shops.

Inventory:

Hand Weapons
 a - a +1 mace
 r - a +1 whip of distortion
 y - a +2 mace of freezing (weapon)
 H - the +1 great mace "Higg" {protect, rN+, unknown}
   (Trog gifted it to you on level 9 of the Dungeon)

   It grants its wielder temporary protection when it strikes (+7 to AC).
   It protects you from negative energy.
 I - a +0 flail
Missiles
 l - 19 boomerangs (quivered)
Armour
 h - a +1 plate armour (worn)
 q - a +0 scale mail
 s - a +0 chain mail
 E - a +0 pair of boots (worn)
 M - a cursed +0 pair of gloves (worn)
 R - the cursed +0 shield of the Mind (worn) {rN++ Str-3}
   (You bought it in a shop on level 10 of the Dungeon)

   It affects your strength (-3).
   It greatly protects you from negative energy.
   It has a curse placed upon it.
 W - a cursed +0 cloak (worn)
 X - a +0 shield
Jewellery
 g - an uncursed ring of ice
 k - a +2 ring of strength (left hand)
 n - an amulet of the gourmand (around neck)
 A - an uncursed ring of fire
 O - an uncursed ring of stealth
 P - an uncursed ring of resist corrosion
 T - an uncursed ring of ice
Wands
 p - a wand of polymorph (9)
 G - a wand of acid (17)
 V - a wand of enslavement (5)
Scrolls
 f - 3 scrolls of teleportation
 m - 2 scrolls of enchant armour
 t - 2 scrolls of fog
 u - 3 scrolls of remove curse
 v - 4 scrolls of fear
 D - 2 scrolls of immolation {unknown}
 F - 2 scrolls of magic mapping
 J - a scroll of random uselessness {unknown}
Potions
 e - 3 potions of invisibility
 j - 2 potions of magic
 o - 2 potions of flight
 w - a potion of resistance
 x - 4 potions of brilliance
 z - 2 potions of berserk rage
 B - a potion of mutation {unknown}
 C - a potion of haste
 K - a potion of agility
 L - 2 potions of heal wounds
 N - 3 potions of cancellation
Comestibles
 c - 24 rations


   Skills:
 + Level 10.5 Fighting
 - Level 14.0 Maces & Flails
 - Level 11.0 Armour
 * Level 9.7 Dodging


You had 10 spell levels left.
You didn't know any spells.
Your spell library was empty.

Dungeon Overview and Level Annotations

Branches:
Dungeon (11/15)            Temple (0/1) D:5            Lair (0/6) D:9
    Orc (0/2) D:9

Altars:
Ashenzari
Fedhas
Makhleb
Okawaru
Qazlal
Ru
Sif Muna
Trog
Yredelemnul
The Shining One

Shops:
D:4 (   D:9 =   D:10 [

Annotations:
D:11 3 runed translucent doors, Sonja; nikopol's ghost, journeyman DEFE


Innate Abilities, Weirdness & Mutations

You reflexively headbutt those who attack you in melee.
You have a pair of horns on your head.


Message History

You feel resistant to hostile enchantments.
You feel quite a bit less full.
You feel sick.
Unknown command.
Your iron troll goes berserk!
You feel quite a bit less full.
You feel sick. Sonja hits you but does no damage.
You feel strangely unstable. You block Sonja's attack.
Sonja closely misses you.
Unknown command.
You miss Sonja. Your headbutt misses Sonja.
Sonja is heavily wounded.
You feel sick. Sonja hits you but does no damage.
Space warps horribly around you!! Sonja hits you but does no damage.
Space warps horribly around you! Sonja hits you but does no damage.
You feel strangely stable. Sonja hits you but does no damage.
Space warps horribly around you!
* * * LOW HITPOINT WARNING * * *
Sonja hits you but does no damage. Space warps horribly around you!
* * * LOW HITPOINT WARNING * * *
Sonja hits you but does no damage. Space bends around you.
You die...

#.##.......#
#..#.#########
##.###..8.8..### #.#
##.%:/.##.. #.##
...W...#..
#..###W....##..
##.##WW...W.#..
#..###+++###..########
##[.)o§O.....K@......#
#...##......T(......#
#.....#
#.####........#
#.....# ... #........#
#...#.# ##.#........#
#####.# #........# #.#
########## #.. #.


You could see Sonja, a friendly iron troll (berserk) and a friendly ogre
(berserk).

Vanquished Creatures
  Harold (D:7)
  A centaur warrior (D:10)
  4 two-headed ogres
  An ugly thing (D:11)
  Maurice (D:11)
  2 kobold demonologists (D:9)
  A queen bee (D:9)
  3 trolls
  A hornet (D:11)
  A wyvern (D:9)
  3 yaks (D:9)
  3 hungry ghosts
  Menkaure (D:4)
  A water moccasin (D:10)
  6 orc warriors
  Purgy (Sewer)
  A hornet zombie (D:11)
  A necrophage (D:8)
  A phantom (D:4)
  2 sky beasts
  6 centaurs
  7 ogres
  5 big kobolds
  A crocodile (D:9)
  3 bullfrogs
  A gnoll sergeant (D:6)
  6 scorpions
  13 killer bees
  8 wights (D:6)
  A howler monkey (D:9)
  4 crimson imps
  A quasit (D:8)
  8 hounds
  A jelly (D:11)
  4 centaur zombies
  7 orc priests
  A centaur skeleton (D:10)
  3 bullfrog skeletons
  3 iguanas
  11 orc wizards
  12 worker ants
  2 hound zombies
  A hound skeleton (D:7)
  6 gnolls
  17 adders
  3 shadow imps
  2 oozes
  An adder zombie (D:7)
  A dart slug (D:3)
  11 leopard geckos
  49 orcs
  6 bats
  5 giant cockroaches
  4 goblins
  7 hobgoblins
  4 jackals (D:5)
  21 kobolds
  5 quokkas
  A ball python (D:2)
  7 frilled lizards
  A jackal skeleton (D:4)
  2 jackal zombies
  A leopard gecko zombie (D:5)
  A quokka zombie (D:7)
  12 rats
312 creatures vanquished.

Vanquished Creatures (collateral kills)
  An orc (D:11)
1 creature vanquished.

Vanquished Creatures (others)
  2 fungi (D:9)
2 creatures vanquished.

Grand Total: 315 creatures vanquished

Notes
Turn   | Place    | Note
-------+----------+-------------------------------------------
     0 | D:1      | ohad the Minotaur Berserker began the quest for the Orb.
     0 | D:1      | Reached XP level 1. HP: 19/19 MP: 0/0
   157 | D:1      | Reached skill level 4 in Maces & Flails
   183 | D:1      | Reached XP level 2. HP: 26/26 MP: 1/1
   220 | D:1      | Reached skill level 5 in Maces & Flails
   281 | D:1      | Reached XP level 3. HP: 27/31 MP: 2/2
   583 | D:2      | Reached ** piety under Trog
   700 | D:2      | Reached skill level 6 in Maces & Flails
   700 | D:2      | Reached XP level 4. HP: 30/39 MP: 3/3
  1120 | D:2      | Found a burning altar of Makhleb.
  1120 | D:2      | Noticed a green death
  1488 | D:3      | Reached skill level 7 in Maces & Flails
  1488 | D:3      | Reached XP level 5. HP: 45/45 MP: 4/4
  1896 | D:3      | Reached *** piety under Trog
  2392 | D:3      | Noticed a moth of wrath
  2395 | D:3      | Found a bloodstained altar of Trog.
  2542 | D:4      | Reached skill level 8 in Maces & Flails
  2542 | D:4      | Reached XP level 6. HP: 33/51 MP: 5/5
  2734 | D:4      | Reached skill level 9 in Maces & Flails
  2842 | D:4      | Found a sacrificial altar of Ru.
  2848 | D:4      | Found Uneruag's Weapon Emporium.
  2858 | D:4      | Reached XP level 7. HP: 16/57 MP: 6/6
  2875 | D:4      | Reached skill level 10 in Maces & Flails
  3031 | D:4      | Noticed Menkaure
  3041 | D:4      | Killed Menkaure
  3459 | D:5      | Entered Level 5 of the Dungeon
  3472 | D:5      | Reached skill level 11 in Maces & Flails
  3527 | D:5      | Reached XP level 8. HP: 30/64 MP: 7/7
  3558 | D:5      | Found a glowing drain.
  3579 | Sewer    | Entered a sewer
  3730 | Sewer    | Reached **** piety under Trog
  3789 | Sewer    | Noticed Purgy
  3792 | Sewer    | Killed Purgy
  3908 | D:5      | Found a staircase to the Ecumenical Temple.
  3983 | D:5      | Reached skill level 12 in Maces & Flails
  4137 | D:5      | Found a glowing golden altar of the Shining One.
  4142 | D:5      | Found a basalt altar of Yredelemnul.
  4144 | D:5      | Noticed a profane servitor
  4461 | D:5      | Noticed an angel
  4586 | D:6      | Reached skill level 13 in Maces & Flails
  4808 | D:6      | Reached XP level 9. HP: 70/70 MP: 8/8
  4811 | D:6      | Reached skill level 14 in Maces & Flails
  5547 | D:7      | Reached skill level 5 in Fighting
  5600 | D:7      | Reached ***** piety under Trog
  5909 | D:7      | Found a blossoming altar of Fedhas.
  5950 | D:7      | Found a stormy altar of Qazlal.
  6068 | D:7      | Noticed Harold
  6087 | D:7      | Killed Harold
  6158 | D:7      | Found a shattered altar of Ashenzari.
  6354 | D:7      | Found a deep blue altar of Sif Muna.
  6500 | D:8      | Noticed a two-headed ogre
  6506 | D:8      | Killed a two-headed ogre
  6506 | D:8      | Reached XP level 10. HP: 90/90 MP: 9/9
  6600 | D:8      | Received a gift from Trog
  7002 | D:9      | Found Pymakli's Jewellery Shoppe.
  7038 | D:8      | Reached skill level 5 in Dodging
  7215 | D:9      | Noticed a sixfirhy
  7222 | D:9      | Noticed a sixfirhy
  7572 | D:9      | Received a gift from Trog
  7587 | D:9      | Got a jewelled great mace {god gift}
  7661 | D:9      | Noticed a two-headed ogre
  7669 | D:9      | Killed a two-headed ogre
  8017 | D:9      | Found an iron altar of Okawaru.
  8107 | D:9      | Reached XP level 11. HP: 95/95 MP: 10/10
  8122 | D:9      | Noticed a two-headed ogre
  8123 | D:9      | Found a staircase to the Orcish Mines.
  8127 | D:9      | Killed a two-headed ogre
  8127 | D:9      | Reached skill level 10 in Armour
  8417 | D:9      | Found a staircase to the Lair.
  8870 | D:10     | Entered Level 10 of the Dungeon
  9041 | D:10     | Noticed a centaur warrior
  9054 | D:10     | Killed a centaur warrior
  9501 | D:10     | Received a gift from Trog
  9644 | D:10     | Found Atzusogh's Antique Armour Shop.
  9647 | D:10     | Bought an encrusted shield for 256 gold pieces
  9652 | D:10     | Identified the cursed +0 shield of the Mind {rN++ Str-3}
                  | (You bought it in a shop on level 10 of the Dungeon)
 10199 | D:11     | Noticed Maurice
 10201 | D:11     | Noticed a two-headed ogre
 10201 | D:11     | Noticed a red ugly thing
 10228 | D:11     | Killed a red ugly thing
 10247 | D:11     | Killed a two-headed ogre
 10247 | D:11     | Reached skill level 10 in Fighting
 10266 | D:11     | Killed Maurice
 10540 | D:11     | Found a runed translucent gate.
 10540 | D:11     | Found a runed translucent gate.
 10540 | D:11     | Found a runed translucent gate.
 10541 | D:11     | Noticed nikopol's ghost (journeyman DEFE)
 10547 | D:11     | Noticed Sonja
 10568 | D:11     | HP: 2/101 [Sonja/+2 dagger of distortion (17)]
 10568 | D:11     | Slain by Sonja

Levels and vault maps discovered:
D:1:      kennysheep_arrival_seaside, layout_rooms, hangedman_decor_opposing
D:2:      layout_loops_corners, makhleb_altar_promises_db, first_ration,
          minivault_24
D:3:      layout_basic, tgw_trog, kennysheep_pointless_box,
          kennysheep_decorative_pillar
D:4:      layout_rooms, nicolae_overflow_crystal_walls, serial_shops, shop,
          uniq_menkaure
D:5:      layout_cave_pools, grunt_temple_overflow_holy_war,
          minmay_temple_entry_purple_smoke, portal_sewer_entry_f
D:6:      layout_loops_ring
D:7:      layout_cave_pods, led_sif_pool, fedhas_ov_isle_minmay,
          kennysheep_mini_moat, lemuel_doored_altar, uniq_harold
D:8:      layout_cave_pools
D:9:      layout_roguey, lemuel_round_altar, dpeg_oklobed_lair, orc_0_dummy,
          serial_shops, shop_statue, david_nohive_1, grunt_decor_clamped,
          grunt_ministairs_2
D:10:     layout_rooms, serial_co_window_serial, co_window_paths_b,
          co_window_corner_a, co_window_paths_b, co_window_paths_a,
          co_window_of_opportunity_a, co_window_unsneaky_path_b,
          co_window_broadway_b, co_window_unsneaky_path_a, co_window_4corner_b,
          co_window_sun, glass_columns_b, glass_columns_b, glass_columns_c,
          glass_columns_c, serial_shops, kennysheep_mini
D:11:     layout_basic, gammafunk_ghost_spectres, uniq_sonja, uniq_grum,
          uniq_maurice

Skill      XL: |  1  2  3  4  5  6  7  8  9 10 11 |
---------------+----------------------------------+-----
Maces & Flails | 4 5 6 7 8 9 11 13 14 | 14.0
Fighting       | 8 10 | 10.5
Armour         | 7 9 11 | 11.0
Dodging        | 7 9 |  9.7

Action                   |  1- 3 |  4- 6 |  7- 9 | 10-12 || total
-------------------------+-------+-------+-------+-------++-------
Melee: Mace              |    46 |   170 |   310 |   402 ||   928
       Headbutt          |     5 |    23 |    86 |    95 ||   209
Throw: Boomerang         |       |       |       |     1 ||     1
Invok: Trog's Hand       |       |       |     1 |     1 ||     2
       Berserk           |       |       |     5 |     6 ||    11
       Brothers in Arms  |       |       |       |     2 ||     2
  Use: Scroll            |       |       |    13 |     6 ||    19
  Eat: Chunk             |     2 |    16 |    15 |    34 ||    67
Armor: Plate armour      |    33 |   109 |   115 |   173 ||   430
       Skin              |       |       |       |     6 ||     6
Dodge: Dodged            |    33 |    97 |   104 |   237 ||   471
Block: Shield            |       |       |       |    30 ||    30

Table legend:
 A = Non-vault XP
 B = Vault XP
 C = Vault XP percentage of total XP
 D = Non-vault monster count
 E = Vault monster count
 F = Vault count percentage of total count
                 A         B        C        D         E       F
            +---------+---------+-------+---------+---------+-------
      Total |   16147 |    3068 |  16.0 |     275 |      38 |  12.1
            +---------+---------+-------+---------+---------+-------
        D:1 |      41 |       0 |   0.0 |      21 |       0 |   0.0
        D:2 |     115 |       0 |   0.0 |      19 |       0 |   0.0
        D:3 |     145 |       5 |   3.3 |      29 |       5 |  14.7
        D:4 |     654 |     172 |  20.8 |      17 |       1 |   5.6
        D:5 |     635 |      11 |   1.7 |      23 |       4 |  14.8
        D:6 |    1604 |       0 |   0.0 |      38 |       0 |   0.0
        D:7 |     631 |    1007 |  61.5 |      21 |       1 |   4.5
        D:8 |    2202 |     122 |   5.2 |      18 |       2 |  10.0
        D:9 |    5136 |    1123 |  17.9 |      37 |      18 |  32.7
       D:10 |    1837 |       0 |   0.0 |      25 |       0 |   0.0
       D:11 |    3147 |     480 |  13.2 |      27 |       1 |   3.6
      Sewer |       0 |     148 | 100.0 |       0 |       6 | 100.0
            +---------+---------+-------+---------+---------+-------
